 Dungeon Crawl Stone Soup version 0.23.1-37-gaa34b87 (webtiles) character file.

Game seed: 17189891381465843713

162 Fang the Skirmisher (level 5, 0/49 HPs)
             Began as a Gargoyle Berserker on Mar 21, 2019.
             Was a Believer of Trog.
             Slain by Blork the orc
             ... wielding a +0 battleaxe
              (7 damage)
             ... on level 4 of the Dungeon.
             The game lasted 00:02:32 (2564 turns).

Fang the Skirmisher (Gargoyle Berserker)            Turns: 2564, Time: 00:02:32

Health: 0/49       AC: 15    Str: 26    XL:     5   Next: 43%
Magic:  5/5        EV:  8    Int:  8    God:    Trog [**....]
Gold:   178        SH:  0    Dex:  9    Spells: 4/4 levels left

rFire    . . .     SeeInvis .   a - +0 hand axe
rCold    . . .     Gourm    .   (no shield)
rNeg     + . .     Faith    .   i - +0 plate armour
rPois    ∞         Spirit   .   (no helmet)
rElec    +         Reflect  .   (no cloak)
rCorr    .         Harm     .   (no gloves)
MR       .....                  (no boots)
Stlth    ..........             (no amulet)
HPRegen  0.16/turn              (no ring)
MPRegen  0.09/turn              (no ring)

@: berserking, very quick
A: negative energy resistance 1, electricity resistance, unbreathing,
petrification resistance, rot immunity, AC +4
a: Berserk, Trog's Hand, Renounce Religion


You were on level 4 of the Dungeon.
You worshipped Trog.
Trog was pleased with you.
You were very hungry.

You visited 1 branch of the dungeon, and saw 4 of its levels.

You collected 178 gold pieces.

Inventory:

Hand Weapons
 a - a +0 hand axe (weapon)
Armour
 i - a +0 plate armour (worn)
Jewellery
 q - a +3 ring of protection {unknown}
Wands
 r - a wand of polymorph (5)
Scrolls
 d - 8 scrolls of identify {unknown}
 f - 3 scrolls of teleportation {unknown}
 h - 2 scrolls of blinking {unknown}
 l - 2 scrolls of enchant weapon {unknown}
 m - a scroll of enchant armour {unknown}
 p - 2 scrolls of remove curse {unknown}
Potions
 b - 2 potions of invisibility {unknown}
 e - 2 potions of haste {unknown}
 g - a potion of lignification {unknown}
 j - a potion of might {unknown}
 k - a potion of heal wounds {unknown}
 n - a potion of mutation {unknown}
 s - a potion of curing {unknown}
 t - a potion of flight {unknown}
Comestibles
 c - 7 rations
 o - 9 chunks of flesh


   Skills:
 + Level 4.2 Fighting
 + Level 3.5 Axes
 + Level 3.5 Armour
 + Level 2.6 Dodging


You had 4 spell levels left.
You didn't know any spells.
Your spell library was empty.

Dungeon Overview and Level Annotations

Branches:
Dungeon (4/15)
 Temple: D:4-7

Altars:
The Shining One

Annotations:
D:4 Blork the orc


Innate Abilities, Weirdness & Mutations

You are resistant to torment.
Your stone body is resilient. (AC +4)
You are immune to poison.
You resist negative energy. (rN+)
You are resistant to electric shocks. (rElec)
You can survive without breathing.
You are immune to petrification.
You are immune to rotting.


Message History

Blork the orc is severely wounded.
Blork the orc casts a spell.
Blork the orc flickers and vanishes!
Deactivating autopickup; reactivate with Ctrl-A.
You hit something. Something hits you but does no damage.
You closely miss something. Something hits you but does no damage.
You closely miss something.
You hear some strange, mumbled words.
A puff of frost appears from out of thin air!
The puff of frost hits you.
* * * LOW HITPOINT WARNING * * *
You closely miss something.
You hear some strange, mumbled words.
A magic dart appears from out of thin air!
The magic dart hits you.
* * * LOW HITPOINT WARNING * * *
You closely miss something. Something hits you.
* * * LOW HITPOINT WARNING * * *
You closely miss something. Something hits you!
You die...

#. #. ######### #.
#.......# #####.###
#.#####.#
........#######.#####.#
#...>............##.#
#[#.#.#######.##.##.#
.###.....# #.##.##.#
.......@.# ###.......#
.####..{.# #......####
.......# #.###.#.##
#####.### #.##.###.##
#. #)#.## ##)# #+
#<##.###.## #.))..#.##
####.#.## #......#


There were no monsters in sight!

Vanquished Creatures
  Crazy Yiuf (D:2)
  An orc wizard (D:4)
  3 gnolls (D:4)
  2 adders (D:2)
  A worm (D:3)
  2 dart slugs
  2 leopard geckos
  3 orcs (D:4)
  5 giant cockroaches
  6 goblins
  4 hobgoblins
  4 jackals (D:3)
  4 kobolds
  A quokka (D:3)
  4 bats
  4 frilled lizards
  4 rats
51 creatures vanquished.

Notes
Turn   | Place    | Note
-------+----------+-------------------------------------------
     0 | D:1      | Fang the Gargoyle Berserker began the quest for the Orb.
     0 | D:1      | Reached XP level 1. HP: 14/14 MP: 1/1
    71 | D:1      | Reached XP level 2. HP: 18/19 MP: 2/2
   655 | D:2      | Reached XP level 3. HP: 11/23 MP: 3/3
  1090 | D:2      | Found a runed translucent door.
  1091 | D:2      | Noticed Crazy Yiuf
  1334 | D:2      | Killed Crazy Yiuf
  1334 | D:2      | Reached XP level 4. HP: 16/29 MP: 4/4
  1661 | D:3      | Reached skill level 4 in Fighting
  1831 | D:3      | Found a glowing golden altar of the Shining One.
  2032 | D:3      | Reached ** piety under Trog
  2449 | D:4      | Reached XP level 5. HP: 29/33 MP: 5/5
  2540 | D:4      | Noticed Blork the orc
  2564 | D:4      | Slain by Blork the orc

Skill      XL: |  1  2  3  4 |
---------------+-------------+-----
Axes           | 3 |  3.5
Dodging        | 2 |  2.6
Armour         | 3 |  3.5
Fighting       | 4 |  4.2

Action                   |  1- 3 |  4- 6 || total
-------------------------+-------+-------++-------
Melee: Hand axe          |   107 |   129 ||   236
Invok: Berserk           |     1 |     1 ||     2
  Eat: Chunk             |     1 |     5 ||     6
Armor: Animal skin       |    11 |       ||    11
       Plate armour      |    71 |    81 ||   152
Dodge: Dodged            |    42 |    49 ||    91
